 Dungeon Crawl Stone Soup version 0.31-a0-239-g0a1456f148 (webtiles) character file.

Game seed: 3645479937025667501

223 qw the Shooter (level 5, -8/45 HPs)
             Began as a Minotaur Hexslinger on July 11, 2023.
             Mangled by an ogre
             ... wielding a +0 giant club
              (22 damage)
             ... on level 4 of the Dungeon.
             The game lasted 00:01:02 (3230 turns).

qw the Shooter (Minotaur Hexslinger)                Turns: 3230, Time: 00:01:02

Health: -8/45      AC:  5    Str: 13    XL:     5   Next: 66%
Magic:  5/5        EV: 11    Int: 10    God:
Gold:   168        SH:  0    Dex: 14    Spells: 5/6 levels left

rFire   . . .        Y - +1 sling
rCold   . . .        (no shield)
rNeg    . . .        i - +0 ring mail
rPois   .            (helmet restricted)
rElec   .            (no cloak)
rCorr   .            (no gloves)
SInv    .            (no boots)
Will    .....        (no amulet)
Stlth   +            (no ring)
HPRegen 0.27/turn    (no ring)
MPRegen 0.09/turn

%: no passive effects
@: no status effects
A: horns 2, retaliatory headbutt
a: no special abilities


You were on level 4 of the Dungeon.
You visited 1 branch of the dungeon, and saw 4 of its levels.

You collected 192 gold pieces.
You spent 24 gold pieces at shops.


Innate Abilities, Weirdness & Mutations

You have a pair of horns on your head.
You reflexively headbutt those who attack you in melee.


   Skills:
 - Level 3.0 Fighting
 + Level 5.9 Ranged Weapons
 - Level 1.2 Armour
 - Level 2.1 Dodging
 - Level 1.0 Spellcasting
 - Level 2.0 Hexes


You had 5 spell levels left.
You knew the following spells:

 Your Spells              Type           Power      Damage    Failure   Level
a - Slow                  Hex            16%        N/A       32%         1

Your spell library contained the following spells:

 Spells                   Type           Power      Damage    Failure   Level
 Inner Flame              Hex/Fire       2%         N/A       82%         3
 Portal Projectile        Hex/Tloc       4%         N/A       82%         3
 Cause Fear               Hex            2%         N/A       97%         4

Inventory:

Hand Weapons
 Y - a +1 sling (weapon)
Armour
 i - a +0 ring mail (worn)
Scrolls
 e - a scroll of identify
Potions
 a - a potion of mutation
 h - a potion of brilliance {unknown}

Dungeon Overview and Level Annotations

Branches:
Dungeon (4/15)
 Temple: D:4-7

Altars:

Shops:
D:1 **?[

Annotations:
D:1 exclusion: frilled lizard
D:2 1 runed translucent door, Crazy Yiuf
D:3 2 transporters, qw's ghost, amateur MiHs


Message History

You shoot a sling bullet. The ogre shouts!
The hobgoblin shouts!
The sling bullet hits the ogre.
The ogre is moderately wounded.
An ufetubus comes into view.
You shoot a sling bullet.
The sling bullet closely misses the ufetubus.
You shoot a sling bullet.
The sling bullet closely misses the ufetubus.
The ufetubus hits you but does no damage.
The ufetubus barely misses you.
You shoot a sling bullet.
The sling bullet hits the ufetubus but does no damage.
The ufetubus hits you but does no damage.
The ufetubus barely misses you.
You shoot a sling bullet. The sling bullet hits the ogre.
The ogre is moderately wounded.
The ufetubus closely misses you. x2
The ogre hits you with a +0 giant club!!
Ouch! That really hurt!
The ufetubus hits you. The ufetubus closely misses you.
3227 ||| DRINKING potion of heal wounds.
You feel much better. The ufetubus hits you. The ufetubus barely misses you.
The ogre barely misses you. The ufetubus barely misses you.
The ufetubus hits you.
You shoot a sling bullet.
The sling bullet hits the ogre but does no damage.
The ogre is moderately wounded.
The ufetubus hits you but does no damage.
The ufetubus barely misses you. The ogre hits you with a +0 giant club!
The ufetubus barely misses you. You furiously retaliate!
You headbutt the ufetubus.
You kill the ufetubus!
You shoot a sling bullet. The sling bullet hits the ogre.
The ogre is moderately wounded.
You shoot a sling bullet. The sling bullet hits the ogre!
The ogre is heavily wounded.
The ogre hits you with a +0 giant club!!
You die...

####### # ..
.....# ##)##
#..###.#.#......
.>......<.......
........##%#....
........@g......
........#O......
........#......#
#####+###......#
....... #...$##
.#### .#


You could see an ogre and a hobgoblin.

Vanquished Creatures
  2 orc priests (D:3)
  Terence (D:2)
  5 gnolls
  3 adders
  An ufetubus (D:4)
  A dart slug (D:1)
  4 orcs (D:3)
  9 ball pythons
  3 endoplasms
  2 giant cockroaches (D:1)
  2 hobgoblins
  5 kobolds
  3 quokkas (D:2)
  2 bats
  3 frilled lizards
  7 goblins
  8 rats
61 creatures vanquished.

Notes
Turn   | Place    | Note
-------+----------+-------------------------------------------
     0 | D:1      | qw the Minotaur Hexslinger began the quest for the Orb.
     0 | D:1      | Reached XP level 1. HP: 16/16 MP: 1/1
     0 | D:1      | 0 ||| qw: Version: 0.3-a-52-g30416fa
     0 | D:1      | 0 ||| qw: Game counter: 5955
     0 | D:1      | 0 ||| qw: Melee chars always use a shield: true
     0 | D:1      | 0 ||| qw: God list: Okawaru
     0 | D:1      | 0 ||| qw: Allow faded altars: false
     0 | D:1      | 0 ||| qw: Do Orc after clearing Dungeon:15 true
     0 | D:1      | 0 ||| qw: Do second Lair branch before Depths: true
     0 | D:1      | 0 ||| qw: Lair rune preference: random
     0 | D:1      | 0 ||| qw: Goals: Normal
     0 | D:1      | 0 ||| PLANNING D:1-11
    93 | D:1      | Found Ojothrah's Armour Shoppe.
   104 | D:1      | HP: 4/16 [constriction (1)]
   167 | D:1      | 167 ||| SHOPLISTING +0 cloak (63 gold, have 0).
   167 | D:1      | 167 ||| SHOPLISTING +0 leather armour (28 gold, have 0).
   167 | D:1      | 167 ||| SHOPLISTING +0 pair of gloves (63 gold, have 0).
   167 | D:1      | 167 ||| SHOPLISTING +2 robe of Pessimism {rC+} (345 gold,
                  | have 0).
   331 | D:1      | Reached skill level 3 in Ranged Weapons
   331 | D:1      | Reached XP level 2. HP: 23/23 MP: 2/2
   438 | D:1      | Found Pebbifukk's Magic Scroll Shoppe.
   446 | D:1      | 446 ||| SHOPLISTING scroll of enchant weapon (90 gold, have
                  | 30).
   446 | D:1      | 446 ||| BUYING scroll of identify (24 gold).
   446 | D:1      | Bought a scroll of identify for 24 gold pieces
   446 | D:1      | 446 ||| SHOPLISTING scroll of teleportation (36 gold, have
                  | 6).
   614 | D:1      | Found Lemimici's General Store.
   617 | D:1      | 617 ||| SHOPLISTING potion of curing (36 gold, have 6).
   617 | D:1      | 617 ||| SHOPLISTING potion of resistance (120 gold, have
                  | 6).
   617 | D:1      | 617 ||| SHOPLISTING scarf of repulsion (144 gold, have 6).
   617 | D:1      | 617 ||| SHOPLISTING scroll of teleportation (36 gold, have
                  | 6).
   790 | D:1      | Found Xuzim's Assorted Antiques.
   795 | D:1      | 795 ||| UPGRADING to +0 ring mail.
   805 | D:1      | 805 ||| DROPPING +0 robe.
  1077 | D:1      | 1077 ||| READING scroll labelled SIEDEL LEHI.
  1078 | D:1      | 1078 ||| READING scroll labelled DARIEPN GAOGOA.
  1079 | D:1      | 1079 ||| READING 2 scrolls of identify.
  1079 | D:1      | 1079 ||| IDENTIFYING sapphire potion
  1080 | D:1      | 1080 ||| DROPPING scroll of poison.
  1291 | D:2      | Found a faded altar of an unknown god.
  1475 | D:2      | 1475 ||| Stepping ~*~*~tactically~*~*~ (water).
  1478 | D:2      | Reached XP level 3. HP: 29/29 MP: 3/3
  1525 | D:2      | Reached skill level 4 in Ranged Weapons
  1525 | D:2      | 1525 ||| FLEEEEING.
  1526 | D:2      | 1526 ||| FLEEEEING.
  1527 | D:2      | 1527 ||| FLEEEEING.
  1528 | D:2      | 1528 ||| FLEEEEING.
  1529 | D:2      | 1529 ||| FLEEEEING.
  1561 | D:2      | Reached skill level 1 in Armour
  1622 | D:2      | Noticed Terence
  1637 | D:2      | Killed Terence
  1638 | D:2      | Reached XP level 4. HP: 19/36 MP: 4/4
  1898 | D:2      | Found a runed translucent door.
  1899 | D:2      | Noticed Crazy Yiuf
  2084 | D:2      | 2084 ||| READING scroll labelled ROHEFE MAME.
  2085 | D:2      | 2085 ||| READING scroll labelled HARCHO FEMUSA.
  2121 | D:2      | 2121 ||| READING scroll labelled QEEBBO QOVOD.
  2292 | D:3      | Reached skill level 5 in Ranged Weapons
  2313 | D:3      | Reached XP level 5. HP: 24/44 MP: 5/5
  2416 | D:3      | Reached skill level 3 in Fighting
  2524 | D:3      | 2524 ||| FLEEEEING.
  2525 | D:3      | 2525 ||| STAIRDANCE
  2648 | D:2      | 2648 ||| READING scroll labelled NOXKUCLOIT.
  2649 | D:2      | 2649 ||| READING 2 scrolls of identify.
  2649 | D:2      | 2649 ||| IDENTIFYING cyan potion
  2703 | D:3      | Identified the +2 scale mail of Decy {Fly Int+3 Dex-2
                  | Slay+2}
  2725 | D:3      | 2725 ||| Stepping ~*~*~tactically~*~*~ (outnumbered).
  2727 | D:3      | 2727 ||| Stepping ~*~*~tactically~*~*~ (outnumbered).
  2729 | D:3      | 2729 ||| Stepping ~*~*~tactically~*~*~ (outnumbered).
  2931 | D:3      | Found a transporter.
  2931 | D:3      | Found a transporter.
  2939 | D:3      | Noticed qw's ghost (amateur MiHs)
  3170 | D:3      | 3170 ||| READING scroll labelled HUTIGEK SUMO.
  3171 | D:3      | 3171 ||| READING scroll labelled ENU ESCHAPP.
  3221 | D:4      | Noticed an ogre
  3226 | D:4      | HP: 11/45 [ogre/+0 giant club (34)]
  3227 | D:4      | 3227 ||| DRINKING potion of heal wounds.
  3230 | D:4      | Mangled by an ogre

Levels and vault maps discovered:
D:1:      dpeg_arrival_erosion, layout_loops_corners, serial_shops,
          nicolae_shop_pleasant_corner_grove, nicolae_shop_peninsula, shop,
          shop_statue
D:2:      layout_basic, chequers_ecumenical_altar_island,
          kennysheep_generic_room_7, uniq_terence, uniq_crazy_yiuf_cottage
D:3:      cheibrodos_pilgrimage, layout_loops_ring,
          gammafunk_ghost_gnarly_gnolls
D:4:      layout_basic, serial_shops, nicolae_lakefront_shop, st_stairs_3

Skill      XL: |  1  2  3  4  5 |
---------------+----------------+-----
Ranged Weapons | 3 4 5 |  5.9
Fighting       | 2 3 |  3.0
Armour         | 1 |  1.2
Dodging        | |  2.1
Spellcasting   | |  1.0
Hexes          | |  2.0

Action                     |  1- 3 |  4- 6 || total
---------------------------+-------+-------++-------
   Fire: Sling             |   123 |    92 ||   215
    Use: Scroll            |     3 |     7 ||    10
         Potion            |       |     1 ||     1
 Armour: Robe              |     2 |       ||     2
         Ring mail         |    15 |    14 ||    29
  Dodge: Dodged            |    31 |    34 ||    65

Table legend:
 A = Non-vault XP
 B = Vault XP
 C = Vault XP percentage of total XP
 D = Non-vault monster count
 E = Vault monster count
 F = Vault count percentage of total count
                 A         B        C        D         E       F
            +---------+---------+-------+---------+---------+-------
      Total |     187 |     132 |  41.4 |      53 |       8 |  13.1
            +---------+---------+-------+---------+---------+-------
        D:1 |      26 |       0 |   0.0 |      15 |       0 |   0.0
        D:2 |      78 |      38 |  32.8 |      19 |       2 |   9.5
        D:3 |      73 |      94 |  56.3 |      16 |       6 |  27.3
        D:4 |      10 |       0 |   0.0 |       3 |       0 |   0.0
            +---------+---------+-------+---------+---------+-------
